 Dungeon Crawl Stone Soup version 0.23-a0-629-gae4348f (webtiles) character file.

56 wazuzu the Cudgeler (level 3, 0/18 HPs)
             Began as a Vine Stalker Skald on Dec 25, 2018.
             Slain by an adder (1 damage)
             ... on level 2 of the Dungeon.
             The game lasted 00:01:58 (1587 turns).

wazuzu the Cudgeler (Vine Stalker Skald)            Turns: 1587, Time: 00:01:59

Health: 0/18       AC:  3    Str: 14    XL:     3   Next: 95%
Magic:  0/7        EV: 11    Int: 13    God:
Gold:   51         SH:  0    Dex: 13    Spells: 5/6 levels left

rFire    . . .     SeeInvis .   a - +0 mace
rCold    . . .     Gourm    .   (no shield)
rNeg     . . .     Faith    .   b - +0 leather armour
rPois    .         Spirit   +   (no helmet)
rElec    .         Reflect  .   (no cloak)
rCorr    .         Harm     .   (no gloves)
MR       .....                  (no boots)
Stlth    +.........             (no amulet)
HPRegen  0.06/turn              (no ring)
MPRegen  0.10/turn              (no ring)

@: lethally poisoned (0 -> -12)
A: fangs 2, magic shield, antimagic bite, no potion heal 3, rot immunity
a: no special abilities


You were on level 2 of the Dungeon.
You were not hungry.

You visited 1 branch of the dungeon, and saw 2 of its levels.

You collected 51 gold pieces.

Inventory:

Hand Weapons
 a - a +0 mace (weapon)
Missiles
 c - 70 stones (quivered)
 e - 36 sling bullets
Armour
 b - a +0 leather armour (worn)
Scrolls
 f - a scroll of teleportation {unknown}
 g - 2 scrolls of identify {unknown}
 h - a scroll of enchant armour {unknown}
 k - 2 scrolls of random uselessness {unknown}
 m - a scroll of enchant weapon {unknown}
Potions
 i - a potion of flight {unknown}
 j - a potion of brilliance {unknown}
Comestibles
 d - 3 rations
 l - 3 chunks of flesh


   Skills:
 - Level 1.7 Fighting
 + Level 3.7 Maces & Flails
 - Level 0.7 Armour
 - Level 1.5 Dodging
 - Level 2.1 Spellcasting
 - Level 3.0 Charms


You had 5 spell levels left.
You knew the following spells:

 Your Spells              Type           Power        Failure   Level  Hunger
a - Infusion              Chrm           #...         10%         1    ##.....

Your spell library contained the following spells:

 Spells                   Type           Power        Failure   Level  Hunger
 Song of Slaying          Chrm           #.......     14%         2    ###....
 Shroud of Golubria       Chrm/Tloc      #.........   26%         2    ###....
 Regeneration             Chrm/Necr      #.........   45%         3    ####...
 Spectral Weapon          Hex/Chrm       #.......     45%         3    ####...


Dungeon Overview and Level Annotations

Branches:
Dungeon (2/15)

Altars:


Innate Abilities, Weirdness & Mutations

You have extremely sharp teeth.
When hurt, damage is shared between your health and your magic reserves.
Your bite disrupts and absorbs the magic of your enemies.
Potions cannot restore your health.
You are immune to rotting.


Message History

The adder poisons you!!!
You miss the adder!
You feel sick! The adder bites you but does no damage!
The adder closely misses you!
You closely miss the adder!
You feel sick! The adder bites you!
You are more poisoned!
The adder poisons you!!!
You completely miss the adder!
You feel sick! The adder bites you but does no damage!
The adder closely misses you!
You barely miss the adder!
You feel sick! The adder barely misses you!
You closely miss the adder! The adder bites you! x2 * * * don't die
* * * You are more poisoned!
The adder poisons you!!!
You beat the adder but do no damage! * * * don't die
* * * You feel sick!
The adder bites you!
You pound the adder but do no damage! * * * don't die
* * * You feel sick!
The adder bites you! rip

#... .. #... ... ..#
.... ##.###
....##....## #........
#.....########.# ...
#....?rrSS@....#
....###.#..########..#
..#........# #
..##..#....#####
..##...........#
............##.#
............##.## .#
#..##...##...## .#
#.......#.....###.#


You could see an adder, a quokka, a ball python and a rat.

Vanquished Creatures
  2 adders (D:2)
  A dart slug (D:1)
  A leopard gecko (D:2)
  2 ball pythons
  2 giant cockroaches (D:1)
  4 hobgoblins (D:1)
  A jackal (D:1)
  A quokka (D:2)
  2 bats
  2 frilled lizards
  5 goblins
  5 kobolds
  6 rats (D:1)
34 creatures vanquished.

Notes
Turn   | Place    | Note
-------+----------+-------------------------------------------
     0 | D:1      | wazuzu the Vine Stalker Skald began the quest for the Orb.
     0 | D:1      | Reached XP level 1. HP: 11/11 MP: 4/4
   193 | D:1      | Reached XP level 2. HP: 8/15 MP: 6/6
   787 | D:1      | Reached XP level 3. HP: 13/18 MP: 5/7
  1587 | D:2      | Slain by an adder

Vault maps used:
D:1:      nicolae_arrival_memento_mori, kennysheep_nondescript
D:2:      lemuel_round_altar, minmay_bisected, uniq_jessica

Skill      XL: |  1  2 |
---------------+-------+-----
Maces & Flails | 2 3 |  3.7
Fighting       | |  1.7
Armour         | |  0.7
Dodging        | |  1.5
Spellcasting   | |  2.1
Charms         | |  3.0

Action                   || total
-------------------------++-------
Melee: Mace              ||   104
       Bite              ||    19
  Eat: Chunk             ||     2
Armor: Leather armour    ||    25
Dodge: Dodged            ||    68

Table legend:
 A = Non-vault XP
 B = Vault XP
 C = Vault XP percentage of total XP
 D = Non-vault monster count
 E = Vault monster count
 F = Vault count percentage of total count
                 A         B        C        D         E       F
            +---------+---------+-------+---------+---------+-------
      Total |      67 |      13 |  16.2 |      33 |       1 |   2.9
            +---------+---------+-------+---------+---------+-------
        D:1 |      39 |       0 |   0.0 |      24 |       0 |   0.0
        D:2 |      28 |      13 |  31.7 |       9 |       1 |  10.0
            +---------+---------+-------+---------+---------+-------
